 Dungeon Crawl Stone Soup version 0.29.1-1-gd02db6906a (webtiles) character file.

Game seed: 11418296960310761386

40 pyryhyry the Ducker (level 3, -1/28 HPs)
             Began as a Demonspawn Gladiator on Oct 18, 2022.
             Slain by Terence
             ... wielding a +0 mace
              (5 damage)
             ... on level 2 of the Dungeon.
             The game lasted 00:02:53 (1634 turns).

pyryhyry the Ducker (Demonspawn Gladiator)          Turns: 1634, Time: 00:02:54

Health: -1/28      AC:  5    Str: 16    XL:     3   Next: 30%
Magic:  3/3        EV: 13    Int:  9    God:
Gold:   29         SH:  0    Dex: 14    Spells: 2/2 levels left

rFire   . . .      SeeInvis .   a - +0 quarterstaff
rCold   . . .      Faith    .   (shield currently unavailable)
rNeg    . . .      Spirit   .   b - +0 leather armour
rPois   .          Reflect  .   c - +0 helmet
rElec   .          Harm     .   (no cloak)
rCorr   .          Rampage  .   (no gloves)
Will    .....                   l - +0 pair of boots
Stlth   +.........              (no amulet)
HPRegen 0.09/turn               (no ring)
MPRegen 0.08/turn               (no ring)

@: no status effects
A: sturdy frame 2
a: no special abilities


You were on level 2 of the Dungeon.
You visited 1 branch of the dungeon, and saw 2 of its levels.

You collected 62 gold pieces.
You spent 33 gold pieces at shops.

Inventory:

Hand Weapons
 a - a +0 quarterstaff (weapon)
 f - a +1 mace of draining
Missiles
 d - 3 throwing nets (quivered)
 e - a javelin
 p - 3 poisoned darts
Armour
 b - a +0 leather armour (worn)
 c - a +0 helmet (worn)
 l - a +0 pair of boots (worn)
Jewellery
 r - a ring of protection from cold
Scrolls
 g - a scroll of enchant weapon {unknown}
 h - 3 scrolls of identify {unknown}
 i - a scroll of blinking {unknown}
 o - a scroll of magic mapping {unknown}
 q - a scroll of teleportation
Potions
 j - a potion of attraction {unknown}
 k - a potion of resistance {unknown}
 m - a potion of flight {unknown}
 n - a potion of mutation {unknown}


   Skills:
 + Level 2.4 Fighting
 + Level 3.1 Staves
 + Level 2.0 Throwing
 + Level 0.3 Armour
 + Level 3.1 Dodging
 + Level 0.1 Stealth


You had 2 spell levels left.
You didn't know any spells.
Your spell library contained the following spells:

 Spells                   Type           Power      Damage    Failure   Level
 Poisonous Vapours        Pois/Air       0%         N/A       52%         2
 Corpse Rot               Necr/Pois/Air  0%         N/A       99%         4


Dungeon Overview and Level Annotations

Branches:
Dungeon (2/15)

Altars:

Shops:
D:1 ?

Annotations:
D:2 Terence


Innate Abilities, Weirdness & Mutations

Your movements are less encumbered by armour. (ER -4)


Message History

You hit the endoplasm.
You kill the endoplasm!
You hit the ball python but do no damage.
The ball python bites you. The ball python closely misses you.
The ball python bites you but does no damage.
The ball python closely misses you.
You hit the ball python.
The ball python is heavily wounded.
The ball python bites you but does no damage.
The ball python grabs you. The ball python constricts you.
You hit the ball python.
You kill the ball python!
You thump Terence!
Terence is moderately wounded.
Terence barely misses you.
You hit Terence but do no damage.
Terence is moderately wounded.
Terence hits you but does no damage. Terence barely misses you.
You hit Terence but do no damage.
Terence is moderately wounded.
Terence misses you.
You closely miss Terence.
Terence is moderately wounded.
Terence barely misses you.
You hit Terence but do no damage.
Terence is moderately wounded.
Terence hits you with a +0 mace.
You hit Terence.
Terence is heavily wounded.
Terence hits you with a +0 mace!
* * * LOW HITPOINT WARNING * * *
You hit Terence but do no damage.
Terence is heavily wounded.
Terence hits you but does no damage.
Press: ? - help, v - describe, . - travel
Here: Terence, wielding a +0 mace and wearing a +3 scale mail of willpower (heavily wounded)
The floor.
Unknown command.
Terence attacks as you move away! Terence hits you with a +0 mace.
You die...

#......(##.... .......
#......# ##..# .......
#......###...##.......
#.....................
#.........##..#..##...
#........##.....##
###........##†##.##
##........####.# ...
#####.....###.#@@..#
##...
#......##...#...####
##.. #..............##
. #....<.###......#
#......##........#
##†##..<...#.###....
...##.######.. ###..
.####.# ## ### . #.#


You could see Terence.

Vanquished Creatures
  A dart slug (D:1)
  A bat (D:1)
  6 endoplasms
  A giant cockroach (D:1)
  3 goblins (D:1)
  7 hobgoblins
  2 jackals (D:1)
  2 quokkas (D:1)
  2 ball pythons
  A frilled lizard (D:1)
  3 kobolds (D:1)
  2 rats (D:1)
31 creatures vanquished.

Notes
Turn   | Place    | Note
-------+----------+-------------------------------------------
     0 | D:1      | pyryhyry the Demonspawn Gladiator began the quest for the
                  | Orb.
     0 | D:1      | Reached XP level 1. HP: 16/16 MP: 1/1
   173 | D:1      | Found Laly's Magic Scroll Emporium.
   229 | D:1      | Gained mutation: Your movements are slightly less
                  | encumbered by armour. (ER -2) [demonic ancestry]
   229 | D:1      | Reached XP level 2. HP: 22/22 MP: 2/2
   977 | D:1      | Found a faded altar of an unknown god.
  1064 | D:1      | Gained mutation: Your movements are less encumbered by
                  | armour. (ER -4) [demonic ancestry]
  1064 | D:1      | Reached XP level 3. HP: 26/28 MP: 3/3
  1132 | D:1      | Bought a scroll of teleportation for 33 gold pieces
  1608 | D:2      | Noticed Terence
  1634 | D:2      | Slain by Terence

Illustrated notes

Levels and vault maps discovered:
D:1:      dpeg_arrival_radiant, layout_loops_corners,
          shapermc_ecumenical_altar_petra, serial_shops,
          nicolae_shop_waterfront, nicolae_eternal_life
D:2:      layout_rooms, uniq_crazy_yiuf_cottage, uniq_terence

Skill      XL: |  1  2 |
---------------+-------+-----
Staves         | 3 |  3.1
Dodging        | 3 |  3.1
Throwing       | 2 |  2.0
Fighting       | |  2.4
Armour         | |  0.3
Stealth        | |  0.1

Action                   || total
-------------------------++-------
Melee: Quarterstaff      ||   118
 Stab: Sleeping          ||     2
Armor: Leather armour    ||    37
Dodge: Dodged            ||    86
